 Dungeon Crawl Stone Soup version 0.25-a0-1079-g858b6a6 (webtiles) character file.

Game seed: 5633004246162230897, levelgen mode: deterministic

147 BlueFish the Grasshopper (level 5, -1/35 HPs)
             Began as an Octopode Warper on May 15, 2020.
             Slain by an ogre
             ... wielding a +0 giant club
              (19 damage)
             ... on level 3 of the Dungeon.
             The game lasted 00:07:47 (2913 turns).

BlueFish the Grasshopper (Octopode Warper)          Turns: 2913, Time: 00:07:48

Health: -1/35      AC:  1    Str: 12    XL:     5   Next: 29%
Magic:  7/8        EV: 14    Int: 15    God:
Gold:   138        SH:  0    Dex: 11    Spells: 4/8 levels left

rFire    . . .     SeeInvis .     - Unarmed
rCold    . . .     Gourm    .   (no shield)
rNeg     . . .     Faith    .   (helmet restricted)
rPois    .         Spirit   .   (no amulet)
rElec    .         Reflect  .   f - ring of resist corrosion
rCorr    +         Harm     .   (no ring)
MR       .....                  (no ring)
Stlth    +++.......             (no ring)
HPRegen  0.11/turn              (no ring)
MPRegen  0.11/turn              (no ring)
                                (no ring)
                                (no ring)

@: shrouded (expiring), lightly drained
A: almost no armour, stealthy swim, amphibious, 8 rings, constrict 8, camouflage
1, gelatinous body 1
a: no special abilities


You were on level 3 of the Dungeon.
You were not hungry.

You visited 1 branch of the dungeon, and saw 3 of its levels.

You collected 138 gold pieces.

Inventory:

Missiles
 a - 100 stones
 c - 5 boomerangs of dispersal (quivered)
 h - 55 arrows
 o - 13 poisoned darts
Jewellery
 f - a ring of resist corrosion (left tentacle)
Wands
 g - a wand of polymorph (9)
Scrolls
 b - a scroll of blinking
 e - a scroll of amnesia {unknown}
 j - a scroll of enchant armour {unknown}
 l - a scroll of magic mapping
Potions
 i - a potion of stabbing
 k - a potion of cancellation
 n - a potion of mutation
Comestibles
 d - 5 rations
 m - 2 chunks of flesh


   Skills:
 * Level 2.6(2.4) Fighting
 * Level 1.7(1.5) Throwing
 * Level 3.0(2.8) Dodging
 * Level 2.4(2.1) Stealth
 * Level 3.1(2.9) Unarmed Combat
 + Level 2.4(2.2) Spellcasting
 + Level 0.4(0.2) Charms
 + Level 3.1(2.9) Translocations


You had 4 spell levels left.
You knew the following spells:

 Your Spells              Type           Power        Failure   Level  Hunger
a - Shroud of Golubria    Chrm/Tloc      #.....       17%         2    ###....
b - Blink                 Tloc           N/A          10%         2    ###....

Your spell library contained the following spells:

 Spells                   Type           Power        Failure   Level  Hunger
 Gell's Gravitas          Tloc           ##........   19%         3    ###....
 Lesser Beckoning         Tloc           ##........   19%         3    ###....
 Teleport Other           Tloc           ##......     19%         3    ###....
 Passage of Golubria      Tloc           N/A          54%         4    #####..


Dungeon Overview and Level Annotations

Branches:
Dungeon (3/15)

Altars:


Innate Abilities, Weirdness & Mutations

You cannot wear most types of armour.
You are very stealthy in the water. (Stealth+)
You are amphibious.
You can wear up to eight rings at the same time.
You can use your tentacles to constrict eight enemies at once.
Your skin changes colour to match your surroundings (Stealth+).
Your rubbery body absorbs attacks. (AC +1, EV +1)


Message History

You tentacle-slap the ogre.
Your tentacle-slap misses the ogre.
The ogre is moderately wounded.
The ogre closely misses you.
You tentacle-slap the ogre. Your squeeze misses the ogre.
The ogre is moderately wounded.
The ogre barely misses you.
You tentacle-slap the ogre.
The ogre is heavily wounded.
The ogre closely misses you.
You tentacle-slap the ogre but do no damage.
The ogre is heavily wounded.
Your shroud begins to fray at the edges.
You barely miss the ogre. You squeeze the ogre.
The ogre is severely wounded.
The ogre barely misses you.
You tentacle-slap the ogre. You squeeze the ogre.
The ogre is severely wounded.
The ogre hits you with a +0 giant club!!
Ouch! That really hurt!
You die...

**,,,,,,,,,,,,,*
*******,*,,,,,* *,*,,,,,*
*,******* **######**###,*
#.......,,..#,*
#.#.##.#**#.#.#*##*********
#.#.##.## #O#.#...,,,,,,,,*
#.#.##..###@#.#..#*,*****,*
#................#*,* *,**
#.......###.....##*,* *,,,
##..##### #........,* *,,*
#..#######.#.#####** **,,
#..........#.# *#.
#.##########.# #. #.# **+#*
#. #.# **,,,** #.


You could see an ogre.

Vanquished Creatures
  An orc wizard (D:2)
  A worker ant (D:2)
  An adder (D:2)
  A dart slug (D:1)
  2 worms (D:2)
  A leopard gecko (D:1)
  6 orcs
  4 giant cockroaches
  11 goblins
  6 hobgoblins
  3 jackals (D:3)
  8 kobolds
  A ball python (D:2)
  7 bats
  9 frilled lizards
  13 rats
75 creatures vanquished.

Vanquished Creatures (others)
  A bush (D:2)
1 creature vanquished.

Grand Total: 76 creatures vanquished

Notes
Turn   | Place    | Note
-------+----------+-------------------------------------------
     0 | D:1      | BlueFish the Octopode Warper began the quest for the Orb.
     0 | D:1      | Reached XP level 1. HP: 14/14 MP: 3/3
   156 | D:1      | Reached XP level 2. HP: 19/19 MP: 5/5
   160 | D:1      | Learned a level 2 spell: Shroud of Golubria
   163 | D:1      | Learned a level 2 spell: Blink
   622 | D:2      | Reached skill level 1 in Stealth
   705 | D:2      | Reached XP level 3. HP: 25/25 MP: 3/6
  1196 | D:2      | Reached XP level 4. HP: 15/30 MP: 3/7
  2176 | D:2      | Reached XP level 5. HP: 35/35 MP: 5/8
  2885 | D:3      | Noticed an ogre
  2913 | D:3      | Slain by an ogre

Illustrated notes

Levels and vault maps discovered:
D:1:      dpeg_arrival_stonehenge_12_columns, layout_basic
D:2:      layout_basic, first_ration, grunt_decor_one_mirror,
          roderic_roman_lattice, minmay_hedge_maze
D:3:      layout_loops_corners, grunt_ministairs_4, minmay_close_crescents

Skill      XL: |  1  2  3  4 |
---------------+-------------+-----
Stealth        | 1 2 |  2.4
Dodging        | 3 |  3.0
Unarmed Combat | 3 |  3.1
Fighting       | |  2.6
Throwing       | |  1.7
Spellcasting   | |  2.4
Charms         | |  0.4
Translocations | |  3.1

Action                   |  1- 3 |  4- 6 || total
-------------------------+-------+-------++-------
Melee: Unarmed           |    61 |   209 ||   270
       Constrict         |    15 |    31 ||    46
       Tentacles         |    12 |    53 ||    65
       Punch             |     1 |     8 ||     9
 Cast: Shroud of Golubri |    13 |    23 ||    36
  Use: Scroll            |       |     6 ||     6
 Stab: Sleeping          |     5 |    11 ||    16
  Eat: Chunk             |     1 |     8 ||     9
Armor: Skin              |     1 |     8 ||     9
Dodge: Dodged            |    28 |    59 ||    87

Table legend:
 A = Non-vault XP
 B = Vault XP
 C = Vault XP percentage of total XP
 D = Non-vault monster count
 E = Vault monster count
 F = Vault count percentage of total count
                 A         B        C        D         E       F
            +---------+---------+-------+---------+---------+-------
      Total |     204 |       6 |   2.9 |      72 |       3 |   4.0
            +---------+---------+-------+---------+---------+-------
        D:1 |      27 |       0 |   0.0 |      16 |       0 |   0.0
        D:2 |     138 |       0 |   0.0 |      34 |       0 |   0.0
        D:3 |      39 |       6 |  13.3 |      22 |       3 |  12.0
            +---------+---------+-------+---------+---------+-------
